 Dungeon Crawl Stone Soup version 0.31-a0-1001-g770356a28f (webtiles) character file.

Game seed: 1927469398170574669

29 Chiseanne the Gusty (level 3, -8/27 HPs)
             Began as a Demonspawn Wanderer on Nov 8, 2023.
             Mangled by a gnoll
             ... wielding a +0 halberd
              (12 damage)
             ... on level 1 of the Dungeon.
             The game lasted 00:01:54 (823 turns).

Chiseanne the Gusty (Demonspawn Wanderer)            Turns: 823, Time: 00:01:55

Health: -8/27      AC:  4    Str: 15 (16) XL:     3   Next: 1%
Magic:  5/5        EV: 11    Int: 11 (12) God:
Gold:   77         SH:  0    Dex:  8 (11) Spells: 4/5 levels left

rFire   . . .        i - +0 whip (venom)
rCold   . . .        (no shield)
rNeg    . . .        e - +1 leather armour
rPois   .            (no helmet)
rElec   .            (no cloak)
rCorr   .            (no gloves)
SInv    .            (no boots)
Will    .....        (no amulet)
Stlth   +            (no ring)
HPRegen 0.24/turn    (no ring)
MPRegen 0.09/turn

%: no passive effects
@: mighty
A: powered by pain 2
a: no special abilities


You were on level 1 of the Dungeon.
You visited 1 branch of the dungeon, and saw 2 of its levels.

You collected 77 gold pieces.

Inventory:

Hand Weapons
 i - a +0 whip of venom (weapon)
Missiles
 b - 12 poisoned darts (quivered)
 f - 9 stones
Armour
 e - a +1 leather armour (worn)
Scrolls
 d - a scroll of blinking
Potions
 c - a potion of curing {unknown}
 g - a potion of might


   Skills:
 * Level 1.9 Fighting
 - Level 1.0 Maces & Flails
 - Level 2.6 Throwing
 * Level 1.2 Dodging
 - Level 1.0 Stealth
 * Level 1.6 Spellcasting
 - Level 2.6 Air Magic


You had 4 spell levels left.
You knew the following spells:

 Your Spells              Type           Power      Damage    Failure   Level
a - Shock                 Conj/Air       12%        1d3       22%         1

Your spell library contained the following spells:

 Spells                   Type           Power      Damage    Failure   Level
 Poisonous Vapours        Pois/Air       6%         N/A       32%         2
 Airstrike                Air            3%         2d(1-17)  77%         4


Dungeon Overview and Level Annotations

Branches:
Dungeon (2/15)

Altars:


Innate Abilities, Weirdness & Mutations

You sometimes gain power by taking damage.


Message History

The hobgoblin attacks as it pursues you!
The hobgoblin hits you but does no damage.
The hobgoblin hits you but does no damage.
You hit the hobgoblin.
The hobgoblin is poisoned.
The hobgoblin is heavily wounded.
The hobgoblin hits you but does no damage.
You completely miss the hobgoblin.
The hobgoblin is heavily wounded.
The hobgoblin hits you.
You hit the hobgoblin.
You kill the hobgoblin!
You have reached level 3!
Your experience leads to an increase in your attributes!
Increase (s)trength, (i)ntelligence, or (d)exterity?
You feel agile. x2; Your demonic ancestry asserts itself...
You feel even more energised by your suffering.
There is a stone staircase leading up here.
A frilled lizard comes into view.
There is a stone staircase leading up here.
The frilled lizard hisses angrily.
The gnoll hits you with a +0 halberd. The gnoll hits you with a +0 whip.
You climb upwards.
There is a stone staircase leading down here.
The gnoll hits you from afar with a +0 halberd.
You hit the gnoll.
The gnoll is moderately wounded.
The gnoll hits you with a +0 whip!
* * * LOW HITPOINT WARNING * * *
The gnoll closely misses you. The gnoll attacks as it pursues you!
The gnoll hits you with a +0 whip.
* * * LOW HITPOINT WARNING * * *
It was a potion of degeneration.
There was something very wrong with that liquid.
You feel weakened.
You feel dopey.
You feel clumsy. The gnoll hits you but does no damage.
The gnoll barely misses you.
It was a potion of might.
You feel very mighty all of a sudden. The gnoll hits you but does no damage.
The gnoll hits you from afar with a +0 halberd!
You die...

...PP...~≈# ###.#.##.##.
~....~.P.## ####........##.
.......### #..............
P...P..##### #.##.#...#.....
##.........## #.##.#.........
##......##..#######.##........#..
#.....#####......g....##...##.#..
....### #####..#>........##.#..
..#############.@#.##.###........
........##.##.#..g.##.# ####...##
###...#.##.##.#..#.##.# #...#
###.....##.##.#..#.##.# #...#
.....#####.##........÷# #...#
.....#####.####.......# #...#
##.#........# #.##.##.# ####...##
##.####.....###.#♣♣♣♣♣♣♣♣........
##.# #.........♣♣.8_8..♣♣.......


You could see 2 gnolls.

Vanquished Creatures
  A dart slug (D:1)
  5 endoplasms (D:1)
  A giant cockroach (D:1)
  A goblin (D:1)
  4 hobgoblins
  2 jackals (D:1)
  A quokka (D:1)
  4 bats (D:1)
  A frilled lizard (D:1)
  A kobold (D:1)
  2 rats (D:1)
23 creatures vanquished.

Notes
Turn   | Place    | Note
-------+----------+-------------------------------------------
     0 | D:1      | Chiseanne the Demonspawn Wanderer began the quest for the
                  | Orb.
     0 | D:1      | Chiseanne set off with the following items: a +0 mace, 12
                  | poisoned darts, a +0 dagger, a scroll of blinking, a +0
                  | leather armour; and the following spell memorised: Shock;
                  | and the following spells available to memorise: Poisonous
                  | Vapours, Airstrike.
     0 | D:1      | Reached XP level 1. HP: 15/15 MP: 2/2
   178 | D:1      | Gained mutation: You sometimes gain a little power by
                  | taking damage. [demonic ancestry]
   178 | D:1      | Reached XP level 2. HP: 19/21 MP: 3/3
   315 | D:1      | Found a faded altar of an unknown god.
   453 | D:1      | Reached skill level 1 in Dodging
   812 | D:2      | Gained mutation: You sometimes gain power by taking damage.
                  | [demonic ancestry]
   812 | D:2      | Reached XP level 3. HP: 26/27 MP: 5/5
   823 | D:1      | Mangled by a gnoll

Illustrated notes

Levels and vault maps discovered:
D:1:      lemuel_arrival_muddy, layout_loops_cross,
          shapermc_ecumenical_altar_totnotflames
D:2:      layout_basic

Skill      XL: |  1  2 |
---------------+-------+-----
Dodging        | 1 |  1.2
Fighting       | |  1.9
Maces & Flails | |  1.0
Throwing       | |  2.6
Stealth        | |  1.0
Spellcasting   | |  1.6
Air Magic      | |  2.6

Action                     || total
---------------------------++-------
  Melee: Mace              ||    58
         Whip              ||    23
    Use: Scroll            ||     3
         Potion            ||     2
   Stab: Sleeping          ||     1
 Armour: Leather armour    ||    71
  Dodge: Dodged            ||    67

Table legend: (Time is in decaauts)
 A = Elapsed time spent in this place.
 B = Non-inter-level travel time spent in this place.
 C = Inter-level travel time spent in this place.
 D = Time resting spent in this place.
 E = Time spent auto-exploring this place.
 F = Levels seen in this place.
 G = Mean time per level.
                   A        B        C        D        E       F      G
               +--------+--------+--------+--------+--------+-----+--------+
         Total |    848 |    823 |     25 |      0 |    623 |   2 |  424.0 |
       Dungeon |    848 |    823 |     25 |      0 |    623 |   2 |  424.0 |
               +--------+--------+--------+--------+--------+-----+--------+

Top non-repeatable levels by time:
     D:1: 811 daAuts
     D:2: 37 daAuts
